Map: Eternal Empire LE

Players

maru - Winner!

  • Race: Terran Terran
  • Spawn Location: 1:00

PtitDrogo

  • Race: Protoss Protoss
  • Spawn Location: 7:00

Event: War Chest Team League

VOD

Have the link to the VOD?

Description

Time

  • Played on: July 31, 2020, 9:57 a.m.
  • Length: 8:47
Show
View Real Time Build Order
Export as new Build Order

maru Terran - Winner!

Build Orders: Liberator Opening, Reaper Expand 

Get SALT Encoding   

  12  0:00  SCV  
  13  0:12  SCV  
  14  0:17  Supply Depot  
  14  0:24  SCV  
  15  0:38  SCV  
  15  0:40  Barracks  
  16  0:43  Refinery  
  16  0:50  SCV  
  17  1:02  SCV  
  18  1:15  SCV  
  19  1:27  Reaper, Orbital Command  
  20  1:41  Command Center  
  20  1:52  SCV, Supply Depot  
  21  1:58  Marine  
  22  2:04  SCV  
  23  2:09  Factory  
  23  2:16  SCV  
  23  2:21  Barracks Reactor  
  23  2:22  Refinery  
  24  2:29  SCV  
  25  2:41  SCV  
  25  2:42  Bunker  
  26  2:53  SCV  
  26  2:55  Starport  
  26  2:59  Orbital Command  
  26  3:01  Hellion  
  26  3:04  Hellion  
  30  3:07  Barracks Tech Lab  
  30  3:09  SCV  
  31  3:22  SCV  
  31  3:23  Hellion  
  31  3:26  Hellion  
  36  3:28  Marine  
  36  3:29  Stimpack  
  38  3:35  Medivac  
  38  3:37  SCV  
  38  3:38  SCV  
  41  3:42  Supply Depot  
  41  3:51  Barracks  
  41  3:52  SCV  
  41  3:53  SCV  
  43  3:57  Marine  
  44  4:04  Engineering Bay  
  44  4:08  Liberator  
  47  4:11  SCV x2  
  47  4:16  Supply Depot  
  49  4:20  Marauder  
  49  4:23  SCV  
  52  4:26  SCV  
  52  4:29  Factory Tech Lab  
  53  4:35  SCV  
  53  4:37  Refinery  
  52  4:39  SCV  
  52  4:42  Terran Infantry Weapons Level 1  
  52  4:43  Marauder, Marine x2  
  49  4:47  SCV  
  49  4:52  SCV  
  51  4:57  Siege Tank  
  54  5:01  Marine x2  
  54  5:02  SCV, Supply Depot  
  54  5:04  SCV, Marine  
  58  5:11  Combat Shield  
  58  5:12  Barracks  
  58  5:14  SCV  
  58  5:19  Marine  
  60  5:23  Marine  
  60  5:24  SCV, Marauder  
  60  5:26  SCV, Supply Depot  
  62  5:36  SCV, Marine  
  62  5:40  SCV  
  62  5:42  Siege Tank  
  68  5:46  Supply Depot  
  68  5:49  Refinery  
  68  5:53  Marauder, Marine  
  68  5:54  Marine  
  72  5:57  Supply Depot  
  72  5:58  SCV  
  72  6:00  Barracks Tech Lab  
  72  6:03  Starport Reactor  
  72  6:04  SCV  
  74  6:10  SCV, Missile Turret  
  75  6:15  Siege Tank  
  75  6:16  Supply Depot, Marauder  
  75  6:17  Marine x2  
  82  6:19  Marauder  
  82  6:20  Concussive Shells  
  84  6:32  Command Center  
  84  6:35  Marine x2  
  86  6:40  Medivac x2  
  86  6:41  Terran Infantry Armor Level 1  
  86  6:46  Supply Depot  
  90  6:48  Marauder x2  
  90  6:53  Marine x2  
  96  6:56  Siege Tank  
  99  7:02  SCV  
  99  7:04  Supply Depot  
  100  7:12  Medivac  
  100  7:15  Barracks  
  102  7:16  Medivac  
  102  7:18  Barracks  
  104  7:23  Marine  
  104  7:24  Marauder x2  
  104  7:25  Marine  
  110  7:30  Supply Depot  
  108  7:44  Medivac  
  110  7:45  Marauder x2  
  110  7:46  Medivac  
  114  8:02  Orbital Command, Barracks Tech Lab  
  114  8:06  Marauder x2  
  114  8:10  Marine  
  114  8:11  Barracks Reactor  
  119  8:18  SCV x2  
Show
View Real Time Build Order
Export as new Build Order

PtitDrogo Protoss 

Build Orders: 1 Gate Expand, Blink Stalkers 

Get SALT Encoding   

  12  0:01  Probe  
  13  0:13  Probe  
  14  0:17  Pylon  
  14  0:25  Probe  
  15  0:35  Gateway  
  15  0:38  Probe (Chrono Boost)  
  16  0:43  Assimilator  
  16  0:47  Probe (Chrono Boost)  
  17  0:52  Probe (Chrono Boost)  
  18  1:04  Probe  
  19  1:16  Probe  
  20  1:22  Cybernetics Core  
  20  1:32  Nexus  
  20  1:39  Pylon  
  20  1:42  Probe  
  20  1:46  Assimilator  
  21  1:55  Probe, Adept (Chrono Boost)  
  24  2:07  Shield Battery  
  24  2:08  Warp Gate  
  24  2:09  Probe  
  25  2:15  Stalker (Chrono Boost)  
  25  2:22  Probe  
  28  2:35  Twilight Council  
  29  2:38  Probe (Chrono Boost)  
  29  2:44  Probe (Chrono Boost)  
  31  2:53  Probe (Chrono Boost)  
  31  2:54  Probe (Chrono Boost)  
  32  3:00  Probe (Chrono Boost)  
  32  3:02  Probe (Chrono Boost), Robotics Facility  
  35  3:13  Blink  
  35  3:14  Probe (Chrono Boost)  
  35  3:18  Probe (Chrono Boost)  
  36  3:22  Probe (Chrono Boost), Gateway  
  36  3:25  Probe (Chrono Boost)  
  38  3:32  Gateway  
  38  3:34  Probe  
  38  3:39  Probe, Pylon  
  40  3:46  Probe  
  41  3:51  Probe  
  41  3:52  Observer (Chrono Boost)  
  43  3:56  Stalker  
  43  3:58  Probe  
  46  4:03  Probe  
  46  4:04  Assimilator  
  46  4:06  Assimilator  
  46  4:07  Observer  
  48  4:11  Probe, Pylon  
  48  4:16  Probe, Stalker  
  52  4:23  Probe  
  53  4:29  Stalker x2  
  55  4:33  Probe (Chrono Boost)  
  54  4:45  Probe (Chrono Boost)  
  53  4:49  Probe (Chrono Boost)  
  54  4:54  Probe (Chrono Boost)  
  54  4:57  Probe (Chrono Boost)  
  55  5:00  Nexus  
  55  5:03  Pylon  
  55  5:05  Probe (Chrono Boost)  
  55  5:06  Probe (Chrono Boost)  
  57  5:09  Stalker  
  57  5:10  Stalker  
  56  5:21  Probe (Chrono Boost)  
  56  5:27  Probe (Chrono Boost)  
  58  5:33  Probe (Chrono Boost)  
  60  5:37  Probe x2 (Chrono Boost)  
  60  5:41  Robotics Bay  
  61  5:43  Sentry x2  
  61  5:47  Probe  
  61  5:48  Probe  
  61  5:49  Observer  
  67  5:55  Pylon  
  66  5:59  Probe, Sentry  
  66  6:00  Probe  
  66  6:02  Forge  
  66  6:03  Forge  
  70  6:09  Shield Battery  
  70  6:11  Probe (Chrono Boost)  
  70  6:13  Probe (Chrono Boost)  
  70  6:17  Probe (Chrono Boost)  
  73  6:22  Probe (Chrono Boost)  
  73  6:23  Probe (Chrono Boost)  
  73  6:25  Charge (Chrono Boost)  
  76  6:26  Probe (Chrono Boost)  
  76  6:28  Colossus (Chrono Boost)  
  76  6:31  Probe (Chrono Boost)  
  85  6:33  Probe x2 (Chrono Boost)  
  85  6:43  Probe  
  85  6:44  Probe x2  
  85  6:46  Pylon  
  88  6:48  Gateway  
  88  6:49  Pylon, Gateway  
  88  6:56  Pylon  
  88  6:58  Probe x3  
  88  7:00  Assimilator  
  91  7:02  Assimilator  
  91  7:05  Pylon  
  91  7:13  Gateway  
  91  7:15  Gateway  
  91  7:18  Templar Archives  
  89  7:24  Zealot x3  
  95  7:31  Photon Cannon  
  95  7:39  Colossus (Chrono Boost)  
  99  7:47  Zealot x5  
  107  7:59  Pylon  
  107  8:01  Pylon  
  107  8:04  Probe  
  108  8:06  Shield Battery  
  108  8:08  Pylon  
  108  8:09  High Templar x4  
  108  8:10  Zealot x3  
  122  8:14  Shield Battery, Archon x2  
  120  8:30  Stalker x3  
  96  8:42  Nexus  
Tags
 
Add a new tag
Caveats
  • Supply blocks, unpowered buildings, or Contaminate may cause inaccurate times.
  • Supply counts are checked every 10 seconds.